 Dungeon Crawl Stone Soup version 0.25-a0-975-gcae8493d64 (webtiles) character file.

Game seed: 2138021219885365733, levelgen mode: deterministic

2781 Flugslaktarn the Cleaver (level 9, -2/81 HPs)
             Began as a Deep Dwarf Fighter on May 10, 2020.
             Was a Priest of Makhleb.
             Slain by Gastronok (24 damage)
             ... on level 8 of the Dungeon.
             The game lasted 00:03:04 (3524 turns).

Flugslaktarn the Cleaver (Deep Dwarf Fighter)       Turns: 3524, Time: 00:03:05

Health: -2/81      AC: 14    Str: 20    XL:     9   Next: 43%
Magic:  11/11      EV:  4    Int: 10    God:    Makhleb [***...]
Gold:   201        SH: 11    Dex: 14    Spells: 8/8 levels left

rFire    . . .     SeeInvis .   a - +1 war axe
rCold    . . .     Gourm    .   c - +0 kite shield
rNeg     . . .     Faith    .   j - +1 plate armour
rPois    .         Spirit   .   (no helmet)
rElec    .         Reflect  .   (no cloak)
rCorr    .         Harm     .   (no gloves)
MR       +....                  (no boots)
Stlth    ..........             (no amulet)
HPRegen  0.00/turn              (no ring)
MPRegen  0.12/turn              (no ring)

@: non-regenerating
A: damage resistance, heal wounds, sense surroundings 2, no regeneration
a: Heal Wounds, Minor Destruction, Lesser Servant of Makhleb, Renounce Religion


You were on level 8 of the Dungeon.
You worshipped Makhleb.
Makhleb was most pleased with you.
You were not hungry.

You visited 2 branches of the dungeon, and saw 9 of its levels.
You also visited: Ossuary.

You collected 201 gold pieces.

Inventory:

Hand Weapons
 a - a +1 war axe (weapon)
Missiles
 l - a throwing net (quivered)
Armour
 c - a +0 kite shield (worn)
 j - a +1 plate armour (worn)
   (You found it on level 5 of the Dungeon)
Scrolls
 f - a scroll of immolation {unknown}
 g - a scroll of fog {unknown}
 k - a scroll of magic mapping {unknown}
 r - a scroll of identify
 t - 2 scrolls of teleportation
 x - 4 scrolls of remove curse
Potions
 b - a potion of lignification {unknown}
 d - 7 potions of might
 h - a potion of haste
 q - 4 potions of curing
 w - 3 potions of heal wounds
Comestibles
 e - 13 rations


   Skills:
 + Level 5.5 Fighting
 * Level 8.8 Axes
 + Level 6.8 Armour
 + Level 6.7 Shields
 + Level 5.9 Invocations


You had 8 spell levels left.
You didn't know any spells.
Your spell library was empty.

Dungeon Overview and Level Annotations

Branches:
Dungeon (8/15)             Temple (1/1) D:5         Ossuary (visited)
   Lair: D:8-11

Altars:
Ashenzari
Cheibriados
Dithmenos
Fedhas
Gozag
Hepliaklqana
Kikubaaqudgha
Makhleb
Nemelex Xobeh
Qazlal
Sif Muna
Xom
Yredelemnul
The Shining One

Annotations:
D:4 3 runed translucent doors, Lochraine's ghost, amateur DsWn
D:7 3 runed translucent doors, Esekla's ghost, novice NaCj
D:8 Gastronok


Innate Abilities, Weirdness & Mutations

You are resistant to damage.
You can heal yourself by infusing magical energy.
You passively map the area around you.
You do not regenerate.


Message History

Gastronok chants a spell, wobbling all the while.
You feel a sudden urge to swivel your nonexistent eyestalks around.
You completely miss Gastronok.
Gastronok is moderately wounded.
You hit Gastronok but do no damage.
Gastronok is moderately wounded.
Gastronok bites you!
* * * LOW HITPOINT WARNING * * *
You are too injured to fight recklessly!
You are too injured to fight recklessly!
You are too injured to fight recklessly!
You are too injured to fight recklessly!
You are too injured to fight recklessly!
You are too injured to fight recklessly!
You are too injured to fight recklessly!
You are too injured to fight recklessly!
You are too injured to fight recklessly!
You are too injured to fight recklessly!
You fail to use your ability.
Gastronok bites you!!
You die...

,## .. ##...## * ,
** .)###.##...## , *
,......#...## * , ,
*,
,.........#######..
, .......>.........#
,
,,..................
* , ,
........#######.#. *
, ∩ ........# ,, *
** , .......@# , ,
.......w..# ,, *
,,.........<...,, *
,..#............,**
** , *,,
#*###.....####. , ,
, * #......** * ,,
** , * ##...... * *
* #....... ,,, * ,*
** ,


You could see Gastronok.

Vanquished Creatures
  Pikel (D:6)
  A hornet (D:7)
  An orc warrior (D:7)
  A sky beast (D:7)
  2 ogres
  A phantom (D:4)
  A big kobold (D:7)
  3 bullfrogs
  An elf zombie (D:6)
  6 elf skeletons (D:6)
  4 scorpions
  A howler monkey (D:5)
  A crimson imp (D:5)
  A human zombie (D:6)
  An orc priest (D:5)
  3 hounds
  A centaur skeleton (D:7)
  2 jellies
  A human skeleton (D:6)
  An iguana (D:5)
  7 worker ants
  A killer bee zombie (D:7)
  A hound zombie (D:6)
  4 mummies
  A worker ant zombie (D:5)
  4 gnolls (D:5)
  A howler monkey skeleton (D:6)
  5 adders
  2 shadow imps
  2 oozes
  5 adder zombies
  A worm (D:4)
  A dart slug (D:6)
  3 leopard geckos
  11 orcs
  3 giant cockroaches (D:4)
  A goblin (D:1)
  2 hobgoblins
  A jackal (D:2)
  4 kobolds
  5 quokkas
  A ball python (D:5)
  A frilled lizard (D:4)
  3 goblin zombies (Ossuary)
  7 hobgoblin zombies
  A kobold zombie (D:4)
  An orc skeleton (D:6)
  4 orc zombies
  A quokka skeleton (D:6)
  3 quokka zombies
  2 rats (D:4)
  2 rat zombies (Ossuary)
125 creatures vanquished.

Notes
Turn   | Place    | Note
-------+----------+-------------------------------------------
     0 | D:1      | Flugslaktarn the Deep Dwarf Fighter began the quest for the
                  | Orb.
     0 | D:1      | Reached XP level 1. HP: 20/20 MP: 1/1
   215 | D:3      | Reached XP level 2. HP: 22/27 MP: 2/2
   259 | D:4      | Reached skill level 3 in Axes
   259 | D:4      | Reached XP level 3. HP: 27/34 MP: 3/3
   316 | D:4      | Reached XP level 4. HP: 30/42 MP: 4/4
   319 | D:4      | Found a runed translucent gate.
   320 | D:4      | Found a runed translucent gate.
   321 | D:4      | Found a runed translucent gate.
   386 | D:4      | Noticed a phantom
   402 | D:4      | Killed a phantom
   402 | D:4      | Reached skill level 4 in Axes
   402 | D:4      | Reached XP level 5. HP: 21/49 MP: 5/5
   483 | D:4      | Found a shimmering altar of Xom.
  1013 | D:4      | Noticed Lochraine's ghost (amateur DsWn)
  1034 | D:5      | Entered Level 5 of the Dungeon
  1034 | D:5      | Found a staircase to the Ecumenical Temple.
  1039 | D:5      | Found a snail-covered altar of Cheibriados.
  1064 | Temple   | Entered the Ecumenical Temple
  1123 | Temple   | Became a worshipper of Makhleb the Destroyer
  1188 | D:5      | Reached XP level 6. HP: 35/56 MP: 5/5
  1206 | D:5      | Reached skill level 1 in Invocations
  1220 | D:5      | Reached skill level 5 in Axes
  1299 | D:5      | Found a blossoming altar of Fedhas.
  1439 | D:5      | Reached XP level 7. HP: 44/63 MP: 7/7
  1508 | D:5      | Reached skill level 5 in Shields
  1514 | D:5      | Reached * piety under Makhleb
  1514 | D:5      | Reached skill level 5 in Armour
  1650 | D:5      | Found a shimmering blue altar of Sif Muna.
  1875 | D:6      | Found a hazy altar of Hepliaklqana.
  1892 | D:6      | Reached skill level 6 in Axes
  1938 | D:6      | Noticed Pikel
  1979 | D:6      | Killed Pikel
  1979 | D:6      | Reached skill level 7 in Axes
  1979 | D:6      | Reached XP level 8. HP: 32/73 MP: 9/9
  2049 | D:6      | Found a sand-covered staircase.
  2058 | Ossuary  | Entered an ossuary
  2137 | Ossuary  | Reached ** piety under Makhleb
  2226 | D:6      | Found a snail-covered altar of Cheibriados.
  2420 | D:6      | Found an opulent altar of Gozag.
  2458 | D:6      | Reached skill level 5 in Fighting
  2563 | D:6      | Reached skill level 5 in Invocations
  2565 | D:6      | Reached skill level 8 in Axes
  2571 | D:6      | Gained mutation: You passively map the area around you.
                  | [Deep Dwarf growth]
  2571 | D:6      | Reached XP level 9. HP: 81/81 MP: 11/11
  2857 | D:7      | Found a runed translucent gate.
  2857 | D:7      | Found a runed translucent gate.
  2857 | D:7      | Found a runed translucent gate.
  3052 | D:7      | Noticed Esekla's ghost (novice NaCj)
  3124 | D:7      | Reached *** piety under Makhleb
  3324 | D:7      | Paralysed by a hornet for 2 turns
  3329 | D:7      | Paralysed by a hornet for 3 turns
  3514 | D:8      | Noticed Gastronok
  3524 | D:8      | Slain by Gastronok

Illustrated notes

Levels and vault maps discovered:
D:1:      psy_arrival_spokes, layout_basic, chequers_avenue
D:2:      layout_basic, lightli_temple_of_fire, dancing_weapons_uskayaw,
          first_ration, uniq_crazy_yiuf_cottage, uniq_jessica, uniq_sigmund
D:3:      layout_basic, lemuel_round_altar, okawaru_trees_2, serial_bayou_pond_e
D:4:      layout_cave_pods, old_standard_altar, gammafunk_ghost_icy,
          gup_sewer_entry_bubbles, minmay_mini_ossuary
D:5:      layout_rooms, fedhas_altar_2, lemuel_blue_sif_altar,
          minmay_temple_entry_statues_pillars, basic_altar,
          hangedman_abyss_or_decor_slice
D:6:      layout_basic, overflow_temple_1_default, kennysheep_slug_shrine,
          kennysheep_mini, nicolae_ossuary_entry_catacombs,
          minmay_misc_feat_rugged, uniq_pikel
D:7:      layout_loops_ring, gammafunk_ghost_necromancy, grunt_ogre_cave
D:8:      layout_layer_cave, vehumet_crystals, kennysheep_little_box,
          zin_treasury, serial_shops, shop_statue, grunt_ministairs_5,
          uniq_joseph, uniq_gastronok, uniq_erica
Temple:   compressed_dpeg_triangle_lava_temple

Skill      XL: |  1  2  3  4  5  6  7  8 |
---------------+-------------------------+-----
Fighting       | 3 4 5 |  5.5
Axes           | 3 4 5 7 8 |  8.8
Armour         | 4 5 6 |  6.8
Shields        | 4 5 6 |  6.7
Invocations    | 2 3 5 |  5.9

Action                   |  1- 3 |  4- 6 |  7- 9 || total
-------------------------+-------+-------+-------++-------
Melee: War axe           |    48 |   144 |   439 ||   631
 Abil: Heal Wounds       |       |     7 |     7 ||    14
  Use: Scroll            |       |       |    12 ||    12
  Eat: Chunk             |       |     2 |     5 ||     7
       Ration            |       |       |     1 ||     1
Armor: Scale mail        |    18 |    51 |       ||    69
       Plate armour      |       |     3 |   250 ||   253
Dodge: Dodged            |    17 |    39 |    54 ||   110
Block: Kite shield       |    24 |    65 |   230 ||   319

Table legend:
 A = Non-vault XP
 B = Vault XP
 C = Vault XP percentage of total XP
 D = Non-vault monster count
 E = Vault monster count
 F = Vault count percentage of total count
                 A         B        C        D         E       F
            +---------+---------+-------+---------+---------+-------
      Total |    2411 |    1562 |  39.3 |      79 |      46 |  36.8
            +---------+---------+-------+---------+---------+-------
        D:1 |       4 |       0 |   0.0 |       2 |       0 |   0.0
        D:2 |       4 |       0 |   0.0 |       2 |       0 |   0.0
        D:3 |       9 |       0 |   0.0 |       2 |       0 |   0.0
        D:4 |     206 |      42 |  16.9 |      11 |      10 |  47.6
        D:5 |     683 |       0 |   0.0 |      24 |       0 |   0.0
        D:6 |     566 |    1313 |  69.9 |      15 |      13 |  46.4
        D:7 |     928 |     116 |  11.1 |      22 |       1 |   4.3
        D:8 |      11 |       2 |  15.4 |       1 |       1 |  50.0
    Ossuary |       0 |      89 | 100.0 |       0 |      21 | 100.0
            +---------+---------+-------+---------+---------+-------
